 Dungeon Crawl Stone Soup version 0.26-a0-1126-g3318b609a0 (webtiles) character file.

Game seed: 2582209892832618921

40 Frask the Skirmisher (level 3, -1/33 HPs)
             Began as a Minotaur Monk on Dec 17, 2020.
             Slain by a gnoll
             ... wielding a +1 spear of freezing
              (3 damage)
             ... on level 2 of the Dungeon.
             The game lasted 00:04:12 (918 turns).

Frask the Skirmisher (Minotaur Monk)                 Turns: 918, Time: 00:04:15

Health: -1/33      AC:  3    Str: 15    XL:     3   Next: 30%
Magic:  2/2        EV: 13    Int:  7    God:
Gold:   74         SH:  0    Dex: 13    Spells: 2/2 levels left

rFire    . . .     SeeInvis .   a - +0 short sword
rCold    . . .     Faith    .   (no shield)
rNeg     . . .     Spirit   .   b - +0 leather armour
rPois    .         Reflect  .   (helmet restricted)
rElec    .         Harm     .   (no cloak)
rCorr    .         Rampage  .   (no gloves)
Will     .....                  (no boots)
Stlth    ++........             (no amulet)
HPRegen  0.11/turn              (no ring)
MPRegen  0.08/turn              (no ring)

@: lethally poisoned (-1 -> -4)
A: retaliatory headbutt, horns 2
a: no special abilities


You were on level 2 of the Dungeon.
You visited 1 branch of the dungeon, and saw 2 of its levels.

You collected 74 gold pieces.

Inventory:

Hand Weapons
 a - a +0 short sword (weapon)
Armour
 b - a +0 leather armour (worn)
Scrolls
 c - a scroll of fear {unknown}
 f - 2 scrolls of identify {unknown}
 g - a scroll of enchant weapon {unknown}
 h - 3 scrolls of amnesia {unknown}
Potions
 d - a potion of flight {unknown}
 e - a potion of berserk rage {unknown}
 i - a potion of cancellation {unknown}
 j - a potion of curing {unknown}


   Skills:
 + Level 4.1 Fighting
 + Level 3.8 Short Blades
 + Level 3.7 Dodging
 - Level 2.0 Stealth


You had 2 spell levels left.
You didn't know any spells.
Your spell library was empty.

Dungeon Overview and Level Annotations

Branches:
Dungeon (2/15)

Altars:


Innate Abilities, Weirdness & Mutations

You reflexively headbutt those who attack you in melee.
You have a pair of horns on your head.


Message History

The adder hisses angrily.
The gnoll barely misses you. The adder bites you but does no damage.
The gnoll hits you but does no damage. x2
You barely miss the gnoll. The adder barely misses you.
The gnoll closely misses you. x2; The adder bites you.
You are poisoned.
The adder poisons you!
You hit the gnoll but do no damage.
You feel sick. The adder barely misses you. You furiously retaliate!
You headbutt the adder!
The gnoll hits you from afar with a cursed -2 halberd.
The gnoll hits you with a +1 spear of freezing!
The gnoll freezes you.
* * * LOW HITPOINT WARNING * * *
You hit the gnoll.
The gnoll is lightly wounded.
The gnoll closely misses you. The adder completely misses you.
The gnoll hits you with a +1 spear of freezing!
* * * LOW HITPOINT WARNING * * *
The gnoll freezes you.
You die...

#.#.# /#
#.#.##.#
#.#....#
###......#
........#
####.....#
..##.†...#
#.##.g...# #
#.##.S@g.#
#.##.##.###.#
#....<....#.#
####.####.#..
#.# .#### #.#
. #.# .. #.#
.. #.# ###


You could see 2 gnolls and an adder.

Vanquished Creatures
  A gnoll (D:2)
  An ooze (D:1)
  A ball python (D:1)
  4 giant cockroaches
  2 goblins (D:1)
  A hobgoblin (D:1)
  4 bats (D:1)
  6 kobolds (D:1)
  4 rats (D:1)
24 creatures vanquished.

Notes
Turn   | Place    | Note
-------+----------+-------------------------------------------
     0 | D:1      | Frask the Minotaur Monk began the quest for the Orb.
     0 | D:1      | Reached XP level 1. HP: 19/19 MP: 0/0
   205 | D:1      | Reached XP level 2. HP: 25/27 MP: 1/1
   483 | D:1      | Reached skill level 4 in Fighting
   549 | D:1      | Reached XP level 3. HP: 33/33 MP: 2/2
   918 | D:2      | Slain by a gnoll

Illustrated notes

Levels and vault maps discovered:
D:1:      psy_arrival_wood_between_worlds, layout_basic,
          hangedman_decor_clover_reticule
D:2:      layout_basic, fedhas_altar_3

Skill      XL: |  1  2 |
---------------+-------+-----
Stealth        | 2 |  2.0
Fighting       | 4 |  4.1
Short Blades   | |  3.8
Dodging        | |  3.7

Action                   || total
-------------------------++-------
Melee: Short sword       ||    52
       Headbutt          ||     5
  Use: Scroll            ||     1
 Stab: Sleeping          ||     1
Armor: Leather armour    ||     8
Dodge: Dodged            ||    40

Table legend: (Time is in decaauts)
 A = Elapsed time spent in this place.
 B = Non-inter-level travel time spent in this place.
 C = Inter-level travel time spent in this place.
 D = Time resting spent in this place.
 E = Time spent auto-exploring this place.
 F = Levels seen in this place.
 G = Mean time per level.
                   A        B        C        D        E       F      G
               +--------+--------+--------+--------+--------+-----+--------+
         Total |    914 |    880 |     34 |     88 |    539 |   2 |  457.0 |
       Dungeon |    914 |    880 |     34 |     88 |    539 |   2 |  457.0 |
               +--------+--------+--------+--------+--------+-----+--------+

Top non-repeatable levels by time:
     D:1: 866 daAuts
     D:2: 48 daAuts
